 Dungeon Crawl Stone Soup version 0.22-a0-21-g9421e3f (webtiles) character file.

4394 mopl the Cleaver (level 10, -7/76 HPs)
             Began as a Demonspawn Wanderer on Jan 1, 2018.
             Was a Priest of Makhleb.
             Mangled by an orc warrior
             ... wielding a +0 war axe
              (22 damage)
             ... in a bailey on Jan 2, 2018.
             The game lasted 00:18:32 (8389 turns).

mopl the Cleaver (Demonspawn Wanderer)              Turns: 8389, Time: 00:18:33

Health: -7/76      AC: 14    Str: 16    XL:     10   Next: 13%
Magic:  17/17      EV:  4    Int: 14    God:    Makhleb [***...]
Gold:   482        SH:  0    Dex: 12    Spells: 8/11 levels left

rFire    + . .     SeeInvis .   d - +0 trident (venom)
rCold    + . .     Gourm    .   (no shield)
rNeg     . . .     Faith    .   H - +0 plate armour {rC+}
rPois    .         Spirit   .   (helmet restricted)
rElec    .         Reflect  .   e - +0 cloak
rCorr    .         Harm     .   (no gloves)
MR       .....                  N - +0 pair of boots
Stlth    ..........             g - amulet of regeneration
HPRegen  0.62/turn              (no ring)
MPRegen  0.15/turn              (no ring)

@: very slightly contaminated, invisible
A: horns 1, rugged brown scales 1, demonic guardian 2, fire resistance 1
a: Minor Destruction, Lesser Servant of Makhleb, Renounce Religion


You were in a bailey.
You worshipped Makhleb.
Makhleb was most pleased with you.
You were hungry.

You visited 1 branch of the dungeon, and saw 10 of its levels.
You also visited: Ossuary and Bailey.

You collected 482 gold pieces.

Inventory:

Hand Weapons
 d - a +0 trident of venom (weapon)
 y - a +0 blowgun
 J - the +3 hand axe "Saifywn" {antimagic, rN++ Dex+6}
   (You found it on level 10 of the Dungeon)

   It reduces the magical energy of the wielder, and disrupts the spells and
   magical abilities of those hit.
   Natural abilities and divine invocations are not affected.
   It affects your dexterity (+6).
   It greatly protects you from negative energy.
 L - a +0 battleaxe
Missiles
 a - 28 tomahawks of returning
 i - 72 poisoned needles
 z - 3 exploding tomahawks (quivered)
 B - 4 needles of sleeping
 E - 9 tomahawks
 I - 2 javelins
Armour
 e - a +0 cloak (worn)
 H - a +0 plate armour of cold resistance (worn)
 N - a +0 pair of boots (worn)
Jewellery
 g - an amulet of regeneration (around neck)
 l - an uncursed amulet of rage
 t - a cursed ring of loudness {unknown}
 G - an uncursed amulet of the gourmand
Wands
 w - a wand of digging (26)
 F - a wand of random effects (47)
 K - a wand of acid (5)
 T - a wand of polymorph (12)
 V - a wand of enslavement (18)
Scrolls
 h - 5 scrolls of teleportation
 k - 3 scrolls of remove curse
 o - 3 scrolls of magic mapping {unknown}
 p - 2 scrolls of immolation {unknown}
 r - 2 scrolls of amnesia
 s - 2 scrolls of enchant weapon {unknown}
 u - a scroll of noise {unknown}
 x - 3 scrolls of fear
 Q - a scroll of random uselessness {unknown}
 U - a scroll of enchant armour {unknown}
Potions
 b - a potion of invisibility
 c - 7 potions of curing
 m - a potion of mutation {!q}
 n - a potion of agility
 q - 4 potions of lignification {!q}
 v - a potion of flight
 A - 5 potions of heal wounds {unknown}
 C - a potion of resistance
 D - 2 potions of magic
 O - a potion of cancellation
 P - 2 potions of haste
 S - 2 potions of brilliance
Books
 R - a book of Necromancy

   Spells                             Type                      Level
   a - Pain                           Necromancy                   1
   b - Animate Skeleton               Necromancy                   1
   c - Vampiric Draining              Necromancy                   3
   d - Regeneration                   Charms/Necromancy            3
   e - Animate Dead                   Necromancy                   4
   f - Borgnjor's Vile Clutch         Necromancy/Earth             5
Comestibles
 f - 14 rations


   Skills:
 + Level 5.5 Fighting
 * Level 10.3 Axes
 + Level 2.6 Armour
   Level 1.7 Shields
 - Level 1.0 Spellcasting
   Level 2.0 Hexes
   Level 1.7 Air Magic
 + Level 9.5 Invocations


You had 8 spell levels left.
You knew the following spells:

 Your Spells              Type           Power        Failure   Level  Hunger
r - Regeneration          Chrm/Necr      #.........   100%        3    ####...


Dungeon Overview and Level Annotations

Branches:
Dungeon (10/15)            Temple (0/1) D:5
   Lair: D:8-11         Orc: D:9-12

Altars:
Ashenzari
Dithmenos
Elyvilon
Gozag
Hepliaklqana
Kikubaaqudgha
Makhleb
Ru
Sif Muna
Trog
Vehumet
Wu Jian
Xom

Shops:
D:5 =   D:8 }


Innate Abilities, Weirdness & Mutations

You have a pair of small horns on your head.
You are partially covered in rugged brown scales. (AC +1, +3% HP)
A demonic guardian rushes to your aid.
Your flesh is heat resistant. (rF+)


Message History

You hit the orc knight.
The orc knight looks as sick as possible!
The orc knight is severely wounded.
The orc knight hits you with an enchanted battleaxe!
The orc knight hits your smoke demon with an enchanted battleaxe!
Your smoke demon dies!
The orc warrior barely misses you.
You are too injured to fight recklessly!
You hit the orc knight but do no damage.
Your headbutt misses the orc knight.
The orc knight is severely wounded.
The orc knight hits you with an enchanted battleaxe.
The orc warrior barely misses you.
Unknown command.
You barely miss the orc knight.
The orc knight is severely wounded.
The orc knight hits you with an enchanted battleaxe!!
* * * LOW HITPOINT WARNING * * *
The orc warrior hits you with a war axe!!
You die...

o.... .... ...
... ###'###
##.....##
#...8...#
#∩.oo.(∩#
##.@o..##
####'''####
##≈.......≈##
###≈≈.......≈≈##
'.'≈≈.......≈≈'.
###≈≈.......≈≈##
'.'≈≈.......≈≈'.
###≈≈.......≈≈##
'.'≈≈.......≈≈KK


You could see an orc knight, an orc warrior and an orc.

Vanquished Creatures
  A hornet (D:8)
  Prince Ribbit (D:8)
  Sigmund (D:4)
  A water moccasin (D:7)
  Duvessa (D:5)
  5 orc warriors
  2 slaves
  2 ice beasts
  A black bear (D:7)
  2 ogres
  Blork the orc (D:5)
  3 bullfrogs
  A wyvern zombie (D:10)
  5 water moccasin zombies (Ossuary)
  2 scorpions
  2 electric eels (D:9)
  3 crimson imps
  4 hounds
  3 jellies
  3 orc priests
  Crazy Yiuf (D:5)
  A gnoll shaman (D:5)
  6 orc wizards
  A centaur skeleton (D:6)
  An iguana (D:10)
  7 worker ants
  A big kobold zombie (Ossuary)
  A hound zombie (D:6)
  2 mummies (Ossuary)
  5 gnolls
  3 adders
  3 river rats (D:6)
  A shadow imp (D:6)
  An ooze (D:2)
  An adder skeleton (D:4)
  7 adder zombies (Ossuary)
  A worm (D:3)
  3 dart slugs (D:1)
  3 leopard geckos
  26 orcs
  A ball python (D:1)
  3 giant cockroaches
  7 goblins
  7 hobgoblins
  14 jackals
  2 quokkas (D:2)
  4 bats
  3 frilled lizards
  2 gnoll zombies (Ossuary)
  6 hobgoblin zombies (Ossuary)
  6 kobolds
  4 kobold zombies (Ossuary)
  2 leopard gecko zombies
  5 orc zombies (Ossuary)
  A quokka skeleton (D:7)
  26 rats
212 creatures vanquished.

Vanquished Creatures (collateral kills)
  Pikel (D:5)
  A troll (D:10)
  A slave (D:5)
  An ice beast (D:5)
  A sky beast (D:8)
  An ogre (D:9)
  Dowan (D:5)
  3 wights (D:6)
  An orc priest (D:4)
  An orc wizard (D:6)
  A jelly (D:4)
  A bullfrog skeleton (D:3)
  A worker ant (D:2)
  An adder (D:2)
  A dart slug (D:3)
  A leopard gecko (D:6)
  An orc (D:4)
  A bat (D:3)
  2 goblins
22 creatures vanquished.

Vanquished Creatures (others)
  A slave (D:5)
  A hound (D:5)
  3 gnolls (D:5)
  A shadow imp (D:5)
6 creatures vanquished.

Grand Total: 240 creatures vanquished

Notes
Turn   | Place    | Note
-------+----------+-------------------------------------------
     0 | D:1      | mopl the Demonspawn Wanderer began the quest for the Orb.
     0 | D:1      | mopl set off with: a +2 scale mail, Sif Muna's Grimoire of Companions, a potion of curing, a +0 club, a ration
     0 | D:1      | Reached XP level 1. HP: 15/15 MP: 2/2
     0 | D:1      | Identified Sif Muna's Grimoire of Companions
   179 | D:1      | Reached skill level 2 in Fighting
   205 | D:1      | Gained mutation: You are partially covered in rugged brown scales. (AC +1, +3% HP) [demonic ancestry]
   205 | D:1      | Reached XP level 2. HP: 16/22 MP: 3/3
   723 | D:2      | Reached skill level 3 in Fighting
   725 | D:2      | Gained mutation: A weak demonic guardian rushes to your aid. [demonic ancestry]
   725 | D:2      | Reached XP level 3. HP: 25/29 MP: 4/4
   959 | D:2      | Reached skill level 4 in Fighting
   959 | D:2      | Reached XP level 4. HP: 27/38 MP: 5/5
  1772 | D:3      | Found a shattered altar of Ashenzari.
  2024 | D:3      | Reached XP level 5. HP: 44/44 MP: 6/6
  2259 | D:4      | Found an ancient bone altar of Kikubaaqudgha.
  2292 | D:4      | Reached skill level 5 in Fighting
  2292 | D:4      | Reached skill level 1 in Axes
  2346 | D:4      | Noticed Sigmund
  2361 | D:4      | Killed Sigmund
  2361 | D:4      | Reached skill level 3 in Axes
  2361 | D:4      | Gained mutation: You have a pair of small horns on your head. [demonic ancestry]
  2361 | D:4      | Reached XP level 6. HP: 52/52 MP: 7/7
  2646 | D:4      | Found a shimmering altar of Xom.
  2647 | D:4      | Found a sacrificial altar of Ru.
  2647 | D:4      | Found a hazy altar of Hepliaklqana.
  2736 | D:4      | Reached skill level 4 in Axes
  2901 | D:4      | Found a burning altar of Makhleb.
  2905 | D:4      | Became a worshipper of Makhleb the Destroyer
  2960 | D:4      | Found a shattered altar of Ashenzari.
  2960 | D:4      | Found a bloodstained altar of Trog.
  2965 | D:4      | Found a faded altar of an unknown god.
  2967 | D:4      | Found a faded altar of an unknown god.
  2968 | D:4      | Found a deep blue altar of Sif Muna.
  3084 | D:4      | Reached skill level 1 in Invocations
  3220 | D:5      | Entered Level 5 of the Dungeon
  3225 | D:5      | Reached XP level 7. HP: 57/57 MP: 8/8
  3254 | D:5      | Reached skill level 2 in Invocations
  3257 | D:5      | Noticed Pikel
  3391 | D:5      | Noticed Duvessa
  3391 | D:5      | Noticed Dowan
  3402 | D:5      | Killed Duvessa
  3402 | D:5      | Reached skill level 5 in Axes
  3408 | D:5      | Killed Dowan
  3408 | D:5      | Reached skill level 3 in Invocations
  3506 | D:5      | Killed Pikel
  3506 | D:5      | Reached skill level 6 in Axes
  3506 | D:5      | Reached skill level 4 in Invocations
  3506 | D:5      | Reached XP level 8. HP: 53/63 MP: 9/11
  3542 | D:5      | Found Fuciteke's Jewellery Shop.
  3543 | D:5      | Found a staircase to the Ecumenical Temple.
  3543 | D:5      | Noticed Blork the orc
  3554 | D:5      | Killed Blork the orc
  3584 | D:5      | Upgraded the game from 0.22-a0-3-g4fa69d9 to 0.22-a0-21-g9421e3f
  3753 | D:5      | Found an opulent altar of Gozag.
  3872 | D:5      | Reached skill level 5 in Invocations
  3947 | D:5      | Found a runed door.
  4075 | D:5      | Noticed Crazy Yiuf
  4082 | D:5      | Killed Crazy Yiuf
  4118 | D:6      | Reached * piety under Makhleb
  4127 | D:6      | Reached skill level 7 in Axes
  4734 | D:6      | Reached skill level 6 in Invocations
  5135 | D:6      | Reached ** piety under Makhleb
  5140 | D:6      | Reached skill level 8 in Axes
  5776 | D:7      | Found a radiant altar of Vehumet.
  5926 | D:7      | Reached skill level 7 in Invocations
  5926 | D:7      | Gained mutation: A demonic guardian rushes to your aid. [demonic ancestry]
  5926 | D:7      | Reached XP level 9. HP: 63/70 MP: 14/14
  6183 | D:7      | Found a white marble altar of Elyvilon.
  6420 | D:8      | Found a sand-covered staircase.
  6424 | Ossuary  | Entered an ossuary
  6576 | Ossuary  | Reached skill level 9 in Axes
  6635 | Ossuary  | Reached *** piety under Makhleb
  6658 | Ossuary  | Reached skill level 8 in Invocations
  6734 | D:8      | Noticed Prince Ribbit
  6752 | D:8      | Killed Prince Ribbit
  6861 | D:8      | Found a shadowy altar of Dithmenos.
  6873 | D:8      | Learned a level 3 spell: Regeneration
  6894 | D:8      | Found a sacrificial altar of Ru.
  6944 | D:8      | Found Eraolu's Gadget Shoppe.
  7400 | D:9      | Reached skill level 9 in Invocations
  7409 | D:9      | Reached skill level 10 in Axes
  7638 | D:9      | Reached skill level 2 in Armour
  7678 | D:9      | Found an ornate altar of the Wu Jian Council.
  7961 | D:10     | Entered Level 10 of the Dungeon
  7979 | D:10     | Gained mutation: Your flesh is heat resistant. (rF+) [demonic ancestry]
  7979 | D:10     | Reached XP level 10. HP: 54/76 MP: 16/16
  8085 | D:10     | Found a flagged portal.
  8123 | D:10     | Got a faintly glowing hand axe
  8124 | D:10     | Identified the cursed +3 hand axe "Saifywn" {antimagic, rN++ Dex+6} (You found it on level 10 of the Dungeon)
  8157 | Bailey   | Entered a bailey
  8378 | Bailey   | Noticed an orc knight
  8389 | Bailey   | Mangled by an orc warrior

Vault maps used:
D:1:      roderic_crossed_star
D:2:      first_ration, minmay_rat_hole
D:3:      evilmike_ruin_ashenzari
D:4:      overflow_temple_1_default, kiku_gazebo_pond_becter, minitemple,
          chequers_temple_overflow_minitemple, uniq_sigmund
D:5:      lemuel_crystal_altar, minmay_temple_entry_statues, serial_shops, shop,
          uniq_pikel, uniq_blork_the_orc, uniq_duvessa, uniq_crazy_yiuf_cottage
D:6:      wad_woods_settlement, minmay_tree_intersection, nicolae_water_bricks
D:7:      nicolae_overflow_hidden_temple, elyvilon_altar_4
D:8:      enter_ossuary_5, basic_altar, serial_shops, shop,
          nicolae_ru_sacrificial_ziggurat, uniq_prince_ribbit1
D:9:      old_standard_altar
D:10:     enter_bailey_2
Ossuary:  ossuary_tomb_2
Bailey:   bailey_axe_3, bailey

Skill      XL: |  1  2  3  4  5  6  7  8  9 |
---------------+----------------------------+-----
Fighting       | 2 3 4 5 |  5.5
Axes           | 3 4 6 8 10 | 10.3
Invocations    | 1 4 7 9 |  9.5
Armour         | 2 |  2.6
Shields        | |  1.7
Spellcasting   | |  1.0
Hexes          | |  2.0
Air Magic      | |  1.7

Action                   |  1- 3 |  4- 6 |  7- 9 | 10-12 || total
-------------------------+-------+-------+-------+-------++-------
Melee: Mace              |    89 |   193 |       |       ||   282
       Club              |    10 |       |       |       ||    10
       Quarterstaff      |       |     4 |       |       ||     4
       Trident           |       |    43 |   572 |    60 ||   675
       Headbutt          |       |    11 |    96 |     9 ||   116
       Battleaxe         |       |       |    22 |       ||    22
 Abil: Evoke Berserk Rag |       |     1 |       |       ||     1
Evoke: Wand              |       |       |       |     1 ||     1
  Use: Scroll            |       |       |    15 |     1 ||    16
       Potion            |       |       |       |     1 ||     1
  Eat: Chunk             |       |     9 |    18 |     1 ||    28
Armor: Scale mail        |    70 |   192 |   242 |    11 ||   515
       Plate armour      |       |       |       |    59 ||    59
Dodge: Dodged            |    62 |   158 |   236 |    31 ||   487

Table legend:
 A = Spawn XP
 B = Non-spawn XP
 C = Spawn XP percentage of total XP
 D = Spawn monster count
 E = Non-spawn monster count
 F = Spawn count percentage of total count
 G = Total turns spent on level
                    A         B        C        D         E        F      G
               +---------+---------+-------+---------+---------+-------+---------
         Total |       0 |    6278 |   0.0 |       0 |     231 |   0.0 |  8389
               +---------+---------+-------+---------+---------+-------+---------
           D:1 |       0 |      34 |   0.0 |       0 |      17 |   0.0 |   711
           D:2 |       0 |     102 |   0.0 |       0 |      39 |   0.0 |   975
           D:3 |       0 |      74 |   0.0 |       0 |      18 |   0.0 |   557
           D:4 |       0 |     526 |   0.0 |       0 |      20 |   0.0 |  1088
           D:5 |       0 |    1010 |   0.0 |       0 |      14 |   0.0 |  1230
           D:6 |       0 |     864 |   0.0 |       0 |      43 |   0.0 |  1128
           D:7 |       0 |     658 |   0.0 |       0 |      13 |   0.0 |   705
           D:8 |       0 |     791 |   0.0 |       0 |       6 |   0.0 |   664
           D:9 |       0 |     933 |   0.0 |       0 |      15 |   0.0 |   611
          D:10 |       0 |     638 |   0.0 |       0 |       8 |   0.0 |   196
       Ossuary |       0 |     508 |   0.0 |       0 |      32 |   0.0 |   292
        Bailey |       0 |     140 |   0.0 |       0 |       6 |   0.0 |   232
               +---------+---------+-------+---------+---------+-------+---------
